 Dungeon Sprint DCSS version 0.21.2 (webtiles) character file.

16410 Fang the Severer (level 12, -4/88 HPs)
             Began as a Gargoyle Berserker on Oct 16, 2018.
             Was a High Priest of Trog.
             Shot with a bolt by an orc knight (14 damage)
             ... in the Dungeon (Sprint IX: "|||||||||||||||||||||||||||||") on Oct 23, 2018.
             The game lasted 00:07:49 (2916 turns).

Fang the Severer (Gargoyle Berserker)               Turns: 2916, Time: 00:07:49

Health: -4/88      AC: 19    Str: 28    XL:     12   Next: 37%
Magic:  12/12      EV: 14    Int: 12    God:    Trog [*****.]
Gold:   1658       SH:  0    Dex:  9    Spells: 11/11 levels left

rFire    . . .     SeeInvis .   y - +9 battleaxe of Mastery {venom, Fragile +Fly rPois rC+}
rCold    + . .     Gourm    .   (shield currently unavailable)
rNeg     + + .     Faith    .   p - +1 scale mail
rPois    ∞         Spirit   .   u - +1 hat {Int+3}
rElec    +         Reflect  .   (no cloak)
rCorr    .         Harm     .   (no gloves)
MR       .....     NoTele   +   (no boots)
Stlth    +++.......             (no amulet)
HPRegen  0.24/turn              n - +3 ring of strength
MPRegen  0.13/turn              r - ring "Uvuof" {rN+ Stlth+}

@: no status effects
A: negative energy resistance 1, electricity resistance, unbreathing,
petrification resistance, rot immunity, AC +8
a: Berserk, Trog's Hand, Brothers in Arms, Burn Spellbooks, Renounce Religion,
Evoke Flight


You were in the Dungeon.
You worshipped Trog.
Trog was extremely pleased with you.
You were very hungry.

You visited 1 branch You collected 1658 gold pieces.

Inventory:

Hand Weapons
 b - a +3 antimagic broad axe
 m - a +3 war axe of chopping
 x - the +4 battleaxe of Ilowusol {vamp, rElec rPois rC+ Dex-2}
   (Trog gifted it to you in the Dungeon)

   It inflicts no extra harm, but heals its wielder when it wounds a living foe.
   It affects your dexterity (-2).
   It protects you from cold.
   It insulates you from electricity.
   It protects you from poison.
 y - the +9 battleaxe of Mastery (weapon) {venom, Fragile +Fly rPois rC+}
   (Trog gifted it to you in the Dungeon)

   It poisons the flesh of those it strikes.
   It protects you from cold.
   It protects you from poison.
   It lets you fly.
   It will be destroyed if unequipped.
 z - a +5 antimagic battleaxe
 C - a +5 antimagic battleaxe
 D - a +3 executioner's axe of chopping
 E - the +1 battleaxe of Trog's Generosity {venom, +Rage rF- SInv, unknown}
   (Trog gifted it to you in the Dungeon)

   It poisons the flesh of those it strikes.
   It makes you vulnerable to fire.
   It lets you see invisible.
   It lets you go berserk.
Armour
 p - a +1 scale mail (worn)
 u - a +1 hat of intelligence (worn)
Jewellery
 n - a +3 ring of strength (left hand)
 o - a +3 ring of strength
 r - the ring "Uvuof" (right hand) {rN+ Stlth+}
   (You found it in the Dungeon)

   [ring of positive energy]

   It protects you from negative energy.
   It makes you more stealthy.
Wands
 l - a wand of acid (20)
 B - a wand of scattershot (8)
Scrolls
 i - 2 scrolls of blinking
 k - 3 scrolls of remove curse
 s - 2 scrolls of enchant armour
 t - a scroll of fear
 v - a scroll of fog
 w - 2 scrolls of enchant weapon
Potions
 a - a potion of agility
 d - 5 potions of curing
 e - 6 potions of heal wounds
 f - a potion of haste
 g - 4 potions of magic
 h - a potion of berserk rage
 j - a potion of invisibility
 q - a potion of resistance
 A - a potion of brilliance
Comestibles
 c - 11 rations


   Skills:
 + Level 16.1 Fighting
 + Level 19.9 Axes
 + Level 10.5 Armour
 + Level 8.3 Dodging
 + Level 6.6 Stealth


You had 11 spell levels left.
You didn't know any spells.

Dungeon Overview and Level Annotations

Branches:
Dungeon (1/1)

Altars:
Cheibriados
Dithmenos
Elyvilon
Fedhas
Gozag
Hepliaklqana
Kikubaaqudgha
Makhleb
Nemelex Xobeh
Okawaru
Qazlal
Ru
Sif Muna
Trog
Uskayaw
Vehumet
Wu Jian
Xom
Yredelemnul
Zin
The Shining One
Beogh
Jiyva
Lugonu

Shops:
D ![*(


Innate Abilities, Weirdness & Mutations

You are resistant to torment.
Your stone body is resilient. (AC +8)
You are immune to poison.
You resist negative energy. (rN+)
You are resistant to electric shocks. (rElec)
You can survive without breathing.
You are immune to petrification.
You are immune to rotting.


Message History

You see here a bolt.
Unknown command.
Something hits your iron troll!!
Items here: ( )) [ ÷ an arbalest; an uncursed long sword; 22 bolts; a plate armour; an orc skeleton
Things that are here:
a glowing shortbow {god gift}; a bolt Unknown command.
Your iron troll is no longer berserk.
Items here: )) [[ a short sword of flaming; a leather armour; a trident; a chain mail Your iron troll bites the orc knight!
Your iron troll claws the orc knight!
Your iron troll claws the orc knight but does no damage.
Things that are here:
a glowing shortbow {god gift}; a bolt The orc knight unwields an uncursed glaive.
The orc knight wields an arbalest.
The orc knight shoots a bolt.
The bolt completely misses your iron troll.
The bolt hits you!
You die...

▓▓▓▓▓▓▓▓▓▓▓▓▓▓▓▓▓▓▓▓▓▓▓▓▓▓▓▓▓▓▓▓▓
o∩o∩o∩.(o.(oT(((@)))))))'....[)))
▓▓▓▓▓▓▓▓▓▓▓▓▓▓▓▓▓▓▓▓▓▓▓▓▓▓▓▓▓▓▓▓▓
............................(....
▓▓▓▓▓▓▓▓▓▓▓▓▓▓▓▓▓▓▓▓▓▓▓▓▓▓▓▓▓▓▓▓▓
........÷÷'.........'.......†÷'..
▓▓▓▓▓▓▓▓▓▓▓▓▓▓▓▓▓▓▓▓▓▓▓▓▓▓▓▓▓▓▓▓▓
...............................).
▓▓▓▓▓▓▓▓▓▓▓▓▓▓▓▓▓▓▓▓▓▓▓▓▓▓▓▓▓▓▓▓▓
'..[[[)|?.'______________________


You could see an orc knight and a friendly iron troll.

Vanquished Creatures
  Gastronok (D)
  2 catoblepae (D)
  3 death yaks (D)
  2 orc high priests (D)
  2 orc knights (D)
  An ugly thing (D)
  An oklob plant (D)
  A manticore (D)
  A black mamba (D)
  Maurice (D)
  Joseph (D)
  3 komodo dragons (D)
  A polar bear (D)
  2 hippogriffs (D)
  6 yaks (D)
  A basilisk (D)
  3 water moccasins (D)
  8 orc warriors (D)
  An ice beast (D)
  5 crocodiles (D)
  2 bullfrogs (D)
  A killer bee (D)
  A wight (D)
  A howler monkey (D)
  A crimson imp (D)
  3 orc priests (D)
  2 iguanas (D)
  3 orc wizards (D)
  A worker ant (D)
  An adder skeleton (D)
  A leopard gecko (D)
  8 orcs (D)
  A bat (D)
  A kobold (D)
  A frilled lizard (D)
  A goblin (D)
  A quokka skeleton (D)
76 creatures vanquished.

Vanquished Creatures (collateral kills)
  5 orc high priests (D)
  7 orc knights (D)
12 creatures vanquished.

Vanquished Creatures (others)
  A spatial maelstrom (D)
1 creature vanquished.

Grand Total: 89 creatures vanquished

Notes
Turn   | Place    | Note
-------+----------+-------------------------------------------
     0 | D        | Fang the Gargoyle Berserker began the quest for the Orb.
     0 | D        | Reached XP level 1. HP: 14/14 MP: 1/1
     2 | D        | Banished a spatial maelstrom
     7 | D        | Reached skill level 3 in Axes
     9 | D        | Reached ** piety under Trog
   103 | D        | Noticed a worker ant
   103 | D        | Noticed a howler monkey
   103 | D        | Noticed an iguana
   103 | D        | Noticed a crimson imp
   107 | D        | Reached XP level 2. HP: 20/20 MP: 2/2
   113 | D        | Reached *** piety under Trog
   113 | D        | Reached skill level 5 in Fighting
   113 | D        | Reached skill level 4 in Axes
   113 | D        | Reached XP level 3. HP: 26/26 MP: 3/3
   116 | D        | Reached skill level 5 in Axes
   116 | D        | Reached XP level 4. HP: 32/32 MP: 4/4
   118 | D        | Reached skill level 6 in Axes
   194 | D        | Reached XP level 5. HP: 8/37 MP: 5/5
   546 | D        | Found a roughly hewn altar of Beogh.
   546 | D        | Found a snail-covered altar of Cheibriados.
   546 | D        | Found a shadowy altar of Dithmenos.
   546 | D        | Found a white marble altar of Elyvilon.
   546 | D        | Found a blossoming altar of Fedhas.
   546 | D        | Found an opulent altar of Gozag.
   547 | D        | Found a hazy altar of Hepliaklqana.
   548 | D        | Found a viscous altar of Jiyva.
   549 | D        | Found an ancient bone altar of Kikubaaqudgha.
   550 | D        | Found a corrupted altar of Lugonu.
   551 | D        | Found a burning altar of Makhleb.
   552 | D        | Found a sparkling altar of Nemelex Xobeh.
   553 | D        | Found an iron altar of Okawaru.
   554 | D        | Found a stormy altar of Qazlal.
   555 | D        | Found a sacrificial altar of Ru.
   556 | D        | Found a deep blue altar of Sif Muna.
   557 | D        | Found a bloodstained altar of Trog.
   558 | D        | Found a hide-covered altar of Uskayaw.
   559 | D        | Found a radiant altar of Vehumet.
   560 | D        | Found an ornate altar of the Wu Jian Council.
   561 | D        | Found a shimmering altar of Xom.
   562 | D        | Found a basalt altar of Yredelemnul.
   563 | D        | Found a glowing silver altar of Zin.
   564 | D        | Found a glowing golden altar of the Shining One.
   609 | D        | Noticed an ice beast
   609 | D        | Noticed a komodo dragon
   611 | D        | Reached **** piety under Trog
   614 | D        | Killed a komodo dragon
   614 | D        | Reached skill level 9 in Axes
   614 | D        | Reached XP level 6. HP: 45/45 MP: 6/6
   619 | D        | Killed an ice beast
   619 | D        | Reached skill level 10 in Axes
   619 | D        | Reached XP level 7. HP: 51/51 MP: 7/7
   620 | D        | Reached ***** piety under Trog
   672 | D        | Noticed a hippogriff
   672 | D        | Noticed a manticore
   672 | D        | Noticed a yak
   672 | D        | Noticed a purple ugly thing
   686 | D        | Killed a purple ugly thing
   686 | D        | Received a gift from Trog
   686 | D        | Reached skill level 10 in Fighting
   686 | D        | Reached skill level 12 in Axes
   686 | D        | Reached skill level 5 in Armour
   686 | D        | Reached skill level 5 in Dodging
   686 | D        | Reached XP level 8. HP: 57/57 MP: 8/8
   691 | D        | Killed a yak
   698 | D        | Killed a manticore
   698 | D        | Reached skill level 13 in Axes
   704 | D        | Killed a hippogriff
   704 | D        | Reached XP level 9. HP: 37/63 MP: 9/9
   977 | D        | Noticed Maurice
   989 | D        | Killed Maurice
  1138 | D        | Got the ring "Uvuof" {rN+ Stlth+}
  1153 | D        | Noticed a komodo dragon
  1159 | D        | Reached skill level 14 in Axes
  1168 | D        | Reached ****** piety under Trog
  1171 | D        | Killed a komodo dragon
  1178 | D        | Received a gift from Trog
  1178 | D        | Reached skill level 15 in Axes
  1181 | D        | Reached skill level 1 in Stealth
  1188 | D        | Got an ebony battleaxe {god gift}
  1189 | D        | Identified the +9 battleaxe of Mastery {venom, Fragile +Fly rPois rC+} (Trog gifted it to you in the Dungeon)
  1236 | D        | Noticed a polar bear
  1236 | D        | Noticed a komodo dragon
  1236 | D        | Noticed an oklob plant
  1236 | D        | Noticed a black mamba
  1243 | D        | Killed a black mamba
  1243 | D        | Reached XP level 10. HP: 71/71 MP: 10/10
  1247 | D        | Killed an oklob plant
  1259 | D        | Reached skill level 16 in Axes
  1439 | D        | Noticed a death yak
  1439 | D        | Noticed a catoblepas
  1439 | D        | Noticed a death yak
  1439 | D        | Noticed a catoblepas
  1442 | D        | Received a gift from Trog
  1443 | D        | Noticed a death yak
  1449 | D        | Killed a catoblepas
  1457 | D        | Killed a death yak
  1457 | D        | Reached skill level 17 in Axes
  1460 | D        | Killed a catoblepas
  1460 | D        | Reached XP level 11. HP: 77/79 MP: 11/11
  1466 | D        | Killed a death yak
  1466 | D        | Received a gift from Trog
  1472 | D        | Killed a death yak
  1675 | D        | Got a polished battleaxe {god gift}
  1778 | D        | Identified the +4 battleaxe of Ilowusol {vamp, rElec rPois rC+ Dex-2} (Trog gifted it to you in the Dungeon)
  1810 | D        | Noticed Gastronok
  1823 | D        | Killed Gastronok
  1823 | D        | Reached skill level 18 in Axes
  1823 | D        | Reached skill level 5 in Stealth
  2029 | D        | Noticed Joseph
  2045 | D        | Killed Joseph
  2131 | D        | Received a gift from Trog
  2145 | D        | Received a gift from Trog
  2281 | D        | Noticed an orc high priest
  2281 | D        | Noticed an orc knight
  2291 | D        | Killed an orc knight
  2292 | D        | Noticed an orc knight
  2294 | D        | Killed an orc high priest
  2294 | D        | Reached skill level 15 in Fighting
  2301 | D        | Noticed an orc high priest
  2305 | D        | Received a gift from Trog
  2311 | D        | Killed an orc knight
  2316 | D        | Reached skill level 19 in Axes
  2321 | D        | Killed an orc high priest
  2321 | D        | Reached XP level 12. HP: 11/88 MP: 12/12
  2328 | D        | Got a smoking battleaxe {god gift}
  2649 | D        | Found Beotekae's Antique Weapon Boutique.
  2649 | D        | Noticed an orc high priest
  2649 | D        | Noticed an orc high priest
  2657 | D        | Killed an orc high priest
  2657 | D        | Received a gift from Trog
  2657 | D        | Reached skill level 10 in Armour
  2681 | D        | Killed an orc high priest
  2689 | D        | Noticed an orc high priest
  2691 | D        | Killed an orc high priest
  2702 | D        | Noticed an orc high priest
  2703 | D        | Found Fekoil's General Store.
  2705 | D        | Found Jathejushe's Antique Armour Boutique.
  2710 | D        | Killed an orc high priest
  2859 | D        | Found Huic's Distillery.
  2864 | D        | Noticed an orc high priest
  2901 | D        | Killed an orc high priest
  2901 | D        | Received a gift from Trog
  2916 | D        | Shot with a bolt by an orc knight

Skill      XL: |  1  2  3  4  5  6  7  8  9 10 11 12 |
---------------+-------------------------------------+-----
Axes           | 3 4 5 6 9 10 12 13 15 17 19 | 19.9
Fighting       | 4 5 6 8 9 10 12 13 15 16 | 16.1
Armour         | 3 4 5 7 8 9 10 | 10.5
Dodging        | 2 3 4 5 6 7 8 |  8.3
Stealth        | 1 3 6 |  6.6

Action                   |  1- 3 |  4- 6 |  7- 9 | 10-12 || total
-------------------------+-------+-------+-------+-------++-------
Melee: Hand axe          |    33 |    53 |       |       ||    86
       War axe           |       |     9 |    37 |       ||    46
       Broad axe         |       |       |    31 |       ||    31
       Battleaxe         |       |       |     6 |   132 ||   138
Invok: Berserk           |     1 |     1 |     3 |     3 ||     8
       Brothers in Arms  |       |       |       |     5 ||     5
  Use: Potion            |       |       |     1 |     2 ||     3
       Scroll            |       |       |       |     2 ||     2
 Stab: Petrified         |       |       |       |     3 ||     3
       Petrifying        |       |       |       |     1 ||     1
  Eat: Chunk             |       |       |     5 |    10 ||    15
Armor: Animal skin       |     6 |    21 |       |       ||    27
       Scale mail        |       |     1 |    34 |    27 ||    62
Dodge: Dodged            |    20 |    28 |    35 |    59 ||   142
